 Dungeon Crawl Stone Soup version 0.19-a0-1049-g462a813 (webtiles) character file.

2056 JustSomeDude the Ducker (level 9, -2/88 HPs)
             Began as a Troll Berserker on July 31, 2016.
             Was a High Priest of Trog.
             Shot with an arrow by a centaur (12 damage)
             ... on level 6 of the Dungeon.
             The game lasted 00:40:08 (4703 turns).

JustSomeDude the Ducker (Troll Berserker)           Turns: 4703, Time: 00:40:12

Health: -2/88      AC:  5    Str: 29    XL:     9   Next: 5%
Magic:  8/8        EV: 14    Int:  3    God:    Trog [*****.]
Gold:   301        SH:  0    Dex: 17    Spells: 0 memorised, 8 levels left

rFire  . . .     SeeInvis .     f - +6 dagger of Kofyfu {pain, rElec rC- MR+ Dex+7}
rCold  x . .     Gourm    +     a - +0 animal skin
rNeg   . . .     Faith    .     (no shield)
rPois  .         Spirit   .     (helmet restricted)
rElec  +         Dismiss  .     (no cloak)
rCorr  .         Reflect  .     (gloves unavailable)
SustAt .         Harm     .     (boots unavailable)
MR     +....                    (no amulet)
Stlth  ++........               (no ring)
                                (no ring)

@: somewhat resistant to hostile enchantments, unstealthy
A: unfitting armour, claws 3, fast metabolism 3, gourmand, regeneration 2,
shaggy fur 1, tough skin 2
a: Berserk, Trog's Hand, Brothers in Arms, Burn Spellbooks, Renounce Religion


You were on level 6 of the Dungeon.
You worshipped Trog.
Trog was extremely pleased with you.
You were very full.

You visited 2 branches of the dungeon, and saw 7 of its levels.
You also visited: Sewer.

You collected 301 gold pieces.

Inventory:

Hand Weapons
 f - the +6 dagger of Kofyfu (weapon) {pain, rElec rC- MR+ Dex+7}
   (You found it on level 4 of the Dungeon)

   In the hands of one skilled in necromantic magic, it inflicts extra damage on
   living creatures.
   It affects your dexterity (+7).
   It makes you vulnerable to cold.
   It insulates you from electricity.
   It affects your resistance to hostile enchantments.
 r - a +0 war axe
Armour
 a - a +0 animal skin (worn)
Wands
 j - a wand of disintegration (9/24)
Scrolls
 c - a scroll of amnesia {unknown}
 d - 8 scrolls of identify
 e - 2 scrolls of magic mapping
 g - a scroll of remove curse
 h - 2 scrolls of fear
 l - a scroll of recharging
 o - 2 scrolls of teleportation
 q - a scroll of enchant weapon {unknown}
Potions
 m - a potion of beneficial mutation {unknown}
 n - 3 potions of flight {unknown}
 p - a potion of invisibility {unknown}
 s - 5 potions of brilliance {unknown}
 t - 3 potions of curing {unknown}
 u - a potion of degeneration {unknown}
 v - a potion of agility {unknown}
 w - a potion of heal wounds
Comestibles
 b - 4 bread rations
 i - 3 meat rations
 k - a slice of pizza
 x - a royal jelly


   Skills:
 + Level 5.2 Fighting
 + Level 1.8 Short Blades
 + Level 3.2 Axes
 + Level 3.0 Armour
 + Level 6.3 Dodging
 + Level 1.7 Stealth
 + Level 4.4 Unarmed Combat


You had 8 spell levels left.
You didn't know any spells.

Dungeon Overview and Level Annotations

Branches:
Dungeon (6/15)             Temple (1/1) D:6

Altars:
Ashenzari
Cheibriados
Dithmenos
Elyvilon
Fedhas
Gozag
Hepliaklqana
Kikubaaqudgha
Makhleb
Nemelex Xobeh
Okawaru
Pakellas
Qazlal
Ru
Sif Muna
Trog
Vehumet
Xom
Yredelemnul
Zin
The Shining One

Shops:
D:5 *


Innate Abilities, Weirdness & Mutations

You are too large for most types of armour.
You have claws for hands.
Your metabolism is lightning-fast.
You like to eat raw meat.
You heal very quickly.
You are covered in fur. (AC +1)
You have very tough skin. (AC +2)


Message History

You see here 2 arrows.
The centaur shoots an arrow.
The arrow closely misses you.
The centaur shoots an arrow.
The arrow closely misses you.
The centaur shoots an arrow.
The arrow misses you.
The centaur shoots an arrow.
The arrow closely misses you.
The centaur shoots an arrow.
The arrow hits you but does no damage.
The centaur shoots an arrow.
The arrow hits you!
The centaur shoots an arrow.
The arrow hits you!
You see here 2 arrows.
The centaur shoots an arrow.
The arrow hits you!
* * * LOW HITPOINT WARNING * * *
You see here an arrow.
The centaur shoots an arrow.
The arrow hits you!
* * * LOW HITPOINT WARNING * * *
The centaur shoots an arrow.
The arrow hits you.
* * * LOW HITPOINT WARNING * * *
The centaur shoots an arrow.
The arrow hits you.
* * * LOW HITPOINT WARNING * * *
The centaur shoots an arrow.
The arrow hits you!
You die...

.##)....##....# #...........#
.##.....##....# #......####.#
..............#####.).........#
####....##.....##.....#######.#
,,,#....##.#...##.....# #.#
,,,#....##............#######.#
,,,#....####...#..............#
,,,#....#* #...#..#############
,,,..##..###[..#@.#######
,,.≈≈≈≈≈≈≈≈≈≈≈≈≈(.#.....#
,*,≈≈≈≈≈≈≈≈≈≈≈≈≈((#((...#
,*,≈≈≈≈≈≈≈≈≈≈≈≈≈.(......#
,*,≈≈≈≈≈≈≈≈≈c≈≈≈(.......#
,*,≈≈≈≈≈≈≈≈≈c≈≈≈(..(#####
,,,≈≈≈≈≈,..≈≈≈≈≈(..(#
,,,≈≈≈≈≈,..≈≈≈c≈#(#.#
,,,≈≈≈≈≈,..≈≈≈≈≈#.(.#


You could see 3 centaurs.

Vanquished Creatures
  Pikel (D:4)
  Grinder (D:4)
  A sky beast (D:6)
  3 slaves (D:4)
  An orc warrior (D:6)
  2 ogres (D:6)
  A giant frog (D:6)
  2 big kobolds (Sewer)
  A scorpion (D:5)
  2 howler monkeys
  A crimson imp (D:5)
  2 hounds (D:5)
  A centaur skeleton (D:5)
  A jelly (D:5)
  6 orc wizards
  4 orc priests
  Jessica (D:2)
  3 worker ants
  2 hound skeletons
  6 adders
  A shadow imp (D:5)
  An adder skeleton (D:5)
  3 worms
  2 dart slugs
  2 giant geckos
  21 orcs
  4 ball pythons
  7 giant cockroaches
  3 goblins
  4 hobgoblins
  6 jackals
  19 kobolds
  A quokka (D:4)
  11 bats
  9 giant newts
  8 rats
144 creatures vanquished.

Vanquished Creatures (others)
  A slave (D:4)
1 creature vanquished.

Grand Total: 145 creatures vanquished

Notes
Turn   | Place    | Note
-------+----------+-------------------------------------------
     0 | D:1      | JustSomeDude the Troll Berserker began the quest for the Orb.
     0 | D:1      | Reached XP level 1. HP: 22/22 MP: 0/0
   102 | D:1      | Found a sparkling altar of Nemelex Xobeh.
   143 | D:1      | Reached XP level 2. HP: 28/29 MP: 1/1
   475 | D:1      | Reached ** piety under Trog
   637 | D:1      | You fall through a shaft!
   656 | D:2      | Noticed Jessica
   661 | D:2      | Killed Jessica
   661 | D:2      | Reached skill level 3 in Dodging
   661 | D:2      | Reached XP level 3. HP: 24/36 MP: 2/2
   732 | D:2      | Reached XP level 4. HP: 43/44 MP: 3/3
  1576 | D:3      | Reached skill level 1 in Armour
  1576 | D:3      | Reached XP level 5. HP: 53/53 MP: 4/4
  1585 | D:3      | Reached *** piety under Trog
  1663 | D:3      | Reached XP level 6. HP: 47/61 MP: 5/5
  2175 | D:4      | Reached skill level 4 in Dodging
  2452 | D:4      | Noticed a slave
  2453 | D:4      | Noticed a slave
  2454 | D:4      | Noticed Pikel
  2454 | D:4      | Noticed a slave
  2455 | D:4      | Noticed Grinder
  2455 | D:4      | Noticed a slave
  2478 | D:4      | Killed a slave
  2479 | D:4      | Killed a slave
  2490 | D:4      | Killed Pikel
  2490 | D:4      | Reached skill level 1 in Axes
  2490 | D:4      | Reached XP level 7. HP: 14/70 MP: 6/6
  2521 | D:4      | Killed Grinder
  2521 | D:4      | Reached skill level 5 in Dodging
  2618 | D:4      | Reached XP level 8. HP: 79/79 MP: 7/7
  2707 | D:4      | Got a shimmering dagger
  2708 | D:4      | Identified the +6 dagger of Kofyfu {pain, rElec rC- MR+ Dex+7} (You found it on level 4 of the Dungeon)
  2872 | D:5      | Entered Level 5 of the Dungeon
  3030 | D:5      | Found a burning altar of Makhleb.
  3032 | D:5      | Found a deep blue altar of Sif Muna.
  3182 | D:5      | Found a sparkling altar of Nemelex Xobeh.
  3383 | D:5      | Found Zuleifiwu's General Store.
  3406 | D:5      | Found a shadowy altar of Dithmenos.
  3452 | D:5      | Reached skill level 1 in Stealth
  3501 | D:5      | Reached **** piety under Trog
  3799 | D:6      | Found a glowing golden altar of the Shining One.
  3819 | D:6      | Reached skill level 1 in Short Blades
  3836 | D:6      | Found a glowing drain.
  3856 | Sewer    | Entered a sewer
  3881 | Sewer    | Reached skill level 6 in Dodging
  3993 | Sewer    | Reached skill level 5 in Fighting
  4187 | D:6      | Reached ***** piety under Trog
  4224 | D:6      | Found a staircase to the Ecumenical Temple.
  4249 | D:6      | Reached XP level 9. HP: 9/88 MP: 8/8
  4295 | Temple   | Entered the Ecumenical Temple
  4703 | D:6      | Shot with an arrow by a centaur

Vault maps used:
D:1:      evilmike_arrival_hilbert_curve, minmay_misc_feat_rugged,
          nemelex_xobeh_ov_fountains_minmay
D:2:      wad_pebble_path, uniq_jessica
D:4:      first_bread, uniq_grinder, uniq_pikel
D:5:      nicolae_overflow_crystal_walls, minitemple, serial_shops,
          kennysheep_mini, minmay_tree_intersection, grunt_ministairs_1
D:6:      nicolae_whirlpool, kennysheep_mini_moat, portal_sewer_entry_f
Temple:   nicolae_temple_elliptical
Sewer:    kennysheep_pipe_town

Skill      XL: |  1  2  3  4  5  6  7  8 |
---------------+-------------------------+-----
Dodging        | 3 4 5 6 |  6.3
Fighting       | 3 4 5 |  5.2
Armour         | 1 2 3 |  3.0
Unarmed Combat | 4 |  4.4
Axes           | 1 2 3 |  3.2
Stealth        | 1 |  1.7
Short Blades   | 1 |  1.8

Action                   |  1- 3 |  4- 6 |  7- 9 || total
-------------------------+-------+-------+-------++-------
Melee: Unarmed           |    61 |    88 |       ||   149
       Punch             |     1 |     2 |     5 ||     8
       War axe           |       |    76 |    12 ||    88
       Dagger            |       |       |   191 ||   191
Invok: Berserk           |       |     2 |     5 ||     7
       Trog's Hand       |       |       |     1 ||     1
  Use: Potion            |       |     4 |     2 ||     6
       Scroll            |       |     5 |     2 ||     7
 Stab: Sleeping          |     1 |       |     5 ||     6
       Distracted        |       |       |     1 ||     1
  Eat: Chunk             |    10 |    18 |    25 ||    53
       Pizza             |       |       |     1 ||     1
       Beef jerky        |       |       |     1 ||     1
Armor: Animal skin       |    21 |    66 |    45 ||   132
       Skin              |       |       |     7 ||     7
Dodge: Dodged            |    30 |    95 |   157 ||   282
